TOP OF THE 1ST |
Delmarva Shorebirds batting - Pitching for West Michigan Whitecaps : RHP Dale Gilbert
|
Pitching: RHP Dale Gilbert
|
|
Batting: RHB Francisco Viera
|
0-0: Ball 1-0: Called Strike 1-1: Ball 2-1: Swinging Strike 2-2: Strikes out swinging
|
Batting: RHB Jeremy Sipe
|
0-0: Called Strike 0-1: Ball 1-1: Bunted foul 1-2: Foul Ball, location: 2F 1-2: Ball 2-2: Foul Ball, location: 2F 2-2: Foul Ball, location: 2F 2-2: SINGLE (Line Drive, 6M, EV 94.4 MPH)
|
Batting: LHB Tomas de Zeeuw
|
0-0: Ball Jeremy Sipe steals 2nd, throwing error, E2 Jeremy Sipe to third 1-0: Swinging Strike 1-1: DOUBLE (Line Drive, 89D, EV 112.5 MPH) Jeremy Sipe scores
|
Batting: LHB Justin Moore
|
0-0: Called Strike 0-1: Ball 1-1: 2-RUN HOME RUN (Flyball, 89XD, EV 99.4 MPH), Distance : 411 ft
|
Batting: RHB Ben Sutton
|
0-0: SINGLE (Line Drive, 6MD, EV 104.4 MPH)
|
Batting: LHB Miguel Medina
|
0-0: Foul Ball, location: 2F 0-1: Ball 1-1: Ball 2-1: Swinging Strike 2-2: Strikes out swinging
|
Batting: RHB Ray Sims
|
0-0: Ball 1-0: Fly out, F9 (Flyball, 9D, EV 86.9 MPH)
|
Top of the 1st over - 3 runs, 4 hits, 1 error, 1 left on base; Delmarva 3 - West Michigan 0 |
BOTTOM OF THE 1ST |
West Michigan Whitecaps batting - Pitching for Delmarva Shorebirds : RHP Bryant Orr
|
Pitching: RHP Bryant Orr
|
|
Batting: RHB Jon Goldstein
|
0-0: Called Strike 0-1: Ground out 5-3 (Groundball, 5, EV 80.0 MPH)
|
Batting: SHB Willie Medina
|
0-0: Foul Ball, location: 2F 0-1: Called Strike 0-2: Ball 1-2: Fly out, F7 (Flyball, 7S, EV 81.2 MPH)
|
Batting: LHB Jamie Christian
|
0-0: Fly out, F8 (Flyball, 8LM, EV 84.4 MPH)
|
Bottom of the 1st over - 0 runs, 0 hits, 0 errors, 0 left on base; Delmarva 3 - West Michigan 0 |
TOP OF THE 2ND |
Delmarva Shorebirds batting - Pitching for West Michigan Whitecaps : RHP Dale Gilbert
|
Batting: SHB Jared Boyce
|
0-0: Ball 1-0: Called Strike 1-1: Foul Ball, location: 2F 1-2: Ball 2-2: Strikes out swinging
|
Batting: RHB Lee Deason
|
0-0: Ball 1-0: Swinging Strike 1-1: Called Strike 1-2: Strikes out swinging
|
Batting: RHB Francisco Viera
|
0-0: Ball 1-0: Foul Ball, location: 2F 1-1: Ball 2-1: Foul Ball, location: 2F 2-2: Ball 3-2: Foul Ball, location: 2F 3-2: Foul Ball, location: 2F 3-2: Foul Ball, location: 2F 3-2: Hit by Pitch
|
Batting: RHB Jeremy Sipe
|
0-0: Ball 1-0: Ball Francisco Viera steals 2nd base 2-0: Fly out, F9 (Flyball, 9LS, EV 81.9 MPH)
|
Top of the 2nd over - 0 runs, 0 hits, 0 errors, 1 left on base; Delmarva 3 - West Michigan 0 |
BOTTOM OF THE 2ND |
West Michigan Whitecaps batting - Pitching for Delmarva Shorebirds : RHP Bryant Orr
|
Batting: LHB Brad Gaskill
|
0-0: Called Strike 0-1: Ball 1-1: Ball 2-1: Foul Ball, location: 2F 2-2: Strikes out swinging
|
Batting: RHB German Quiroga
|
0-0: Ball 1-0: Ball 2-0: Ball 3-0: Base on Balls
|
Batting: RHB Joe Zimmerman
|
0-0: Ball 1-0: Fielders Choice at 2nd, 5-4 (Groundball, 56, EV 82.5 MPH)
|
Batting: RHB Scott Carr
|
0-0: Swinging Strike 0-1: Fly out, F3 (Popup, 3SF, EV 79.4 MPH)
|
Bottom of the 2nd over - 0 runs, 0 hits, 0 errors, 1 left on base; Delmarva 3 - West Michigan 0 |
TOP OF THE 3RD |
Delmarva Shorebirds batting - Pitching for West Michigan Whitecaps : RHP Dale Gilbert
|
Batting: LHB Tomas de Zeeuw
|
0-0: Ball 1-0: Fly out, F7 (Flyball, 7, EV 91.9 MPH)
|
Batting: LHB Justin Moore
|
0-0: Ball 1-0: Swinging Strike 1-1: Called Strike 1-2: Strikes out swinging
|
Batting: RHB Ben Sutton
|
0-0: Foul Ball, location: 2F 0-1: Called Strike 0-2: Foul Ball, location: 2F 0-2: Ball 1-2: Foul Ball, location: 2F 1-2: Ball 2-2: Ball 3-2: Strikes out looking
|
Top of the 3rd over - 0 runs, 0 hits, 0 errors, 0 left on base; Delmarva 3 - West Michigan 0 |
BOTTOM OF THE 3RD |
West Michigan Whitecaps batting - Pitching for Delmarva Shorebirds : RHP Bryant Orr
|
Batting: LHB Steve Herrera
|
0-0: Called Strike 0-1: Foul Ball, location: 2F 0-2: Strikes out looking
|
Batting: RHB Yaremka Rzhevsky
|
0-0: Called Strike 0-1: Ball 1-1: Ball 2-1: Ball 3-1: SINGLE (Line Drive, 9S, EV 96.9 MPH)
|
Batting: RHB Jon Goldstein
|
0-0: Ball 1-0: Ball 2-0: Fielders Choice at 2nd, 5-4 (Groundball, 56S, EV 84.4 MPH)
|
Batting: SHB Willie Medina
|
0-0: Ball 1-0: Ball 2-0: Swinging Strike 2-1: Ball 3-1: Fly out, F8 (Flyball, 8LM, EV 87.5 MPH)
|
Bottom of the 3rd over - 0 runs, 1 hit, 0 errors, 1 left on base; Delmarva 3 - West Michigan 0 |
TOP OF THE 4TH |
Delmarva Shorebirds batting - Pitching for West Michigan Whitecaps : RHP Dale Gilbert
|
Batting: LHB Miguel Medina
|
0-0: Ball 1-0: Ball 2-0: Called Strike 2-1: Swinging Strike 2-2: Ground out 6-3 (Groundball, 56D, EV 100.0 MPH)
|
Batting: RHB Ray Sims
|
0-0: Ball 1-0: Called Strike 1-1: Ball 2-1: Ball 3-1: SINGLE (Flyball, 34D, EV 92.5 MPH) - OUT at second base trying to stretch hit.
|
Batting: SHB Jared Boyce
|
0-0: Foul Ball, location: 2F 0-1: Ball 1-1: Ball 2-1: Ball 3-1: Called Strike 3-2: Base on Balls
|
Batting: RHB Lee Deason
|
0-0: Ball 1-0: Foul Ball, location: 2F 1-1: Called Strike 1-2: Ball Wild Pitch! Jared Boyce to second 2-2: Ball 3-2: Strikes out swinging
|
Top of the 4th over - 0 runs, 1 hit, 0 errors, 1 left on base; Delmarva 3 - West Michigan 0 |
BOTTOM OF THE 4TH |
West Michigan Whitecaps batting - Pitching for Delmarva Shorebirds : RHP Bryant Orr
|
Batting: LHB Jamie Christian
|
0-0: Swinging Strike 0-1: Ball 1-1: Swinging Strike 1-2: Ball 2-2: Strikes out swinging
|
Batting: LHB Brad Gaskill
|
0-0: Swinging Strike 0-1: Ground out 4-3 (Groundball, 4, EV 83.1 MPH)
|
Batting: RHB German Quiroga
|
0-0: Ball 1-0: Ball 2-0: SINGLE (Groundball, 4S, EV 67.5 MPH) (infield hit)
|
Batting: RHB Joe Zimmerman
|
Balk! German Quiroga to second 0-0: Called Strike 0-1: Ball 1-1: Ball 2-1: Ball 3-1: Base on Balls
|
Batting: RHB Scott Carr
|
0-0: Called Strike 0-1: Ball 1-1: Ball 2-1: Ball 3-1: Fielders Choice at 2nd, 5-4 (Groundball, 5, EV 87.5 MPH)
|
Bottom of the 4th over - 0 runs, 1 hit, 0 errors, 2 left on base; Delmarva 3 - West Michigan 0 |
TOP OF THE 5TH |
Delmarva Shorebirds batting - Pitching for West Michigan Whitecaps : RHP Dale Gilbert
|
Batting: RHB Francisco Viera
|
0-0: Swinging Strike 0-1: Ball 1-1: Foul Ball, location: 2F 1-2: Ground out U3 (Groundball, 3S, EV 82.5 MPH)
|
Batting: RHB Jeremy Sipe
|
0-0: Ball 1-0: Swinging Strike 1-1: SINGLE (Flyball, 9LS, EV 88.8 MPH)
|
Batting: LHB Tomas de Zeeuw
|
0-0: Called Strike 0-1: Foul Ball, location: 2F 0-2: Strikes out looking
|
Batting: LHB Justin Moore
|
0-0: Called Strike Jeremy Sipe is caught stealing 2nd base 2-6
|
Top of the 5th over - 0 runs, 1 hit, 0 errors, 0 left on base; Delmarva 3 - West Michigan 0 |
BOTTOM OF THE 5TH |
West Michigan Whitecaps batting - Pitching for Delmarva Shorebirds : RHP Bryant Orr
|
Batting: LHB Steve Herrera
|
0-0: Hit by Pitch
|
Batting: RHB Yaremka Rzhevsky
|
0-0: Ball 1-0: Grounds into double play, 4-6-3 (Groundball, 4, EV 89.4 MPH)
|
Batting: RHB Jon Goldstein
|
0-0: Ball 1-0: Swinging Strike 1-1: Ball 2-1: Foul Ball, location: 2F 2-2: Foul Ball, location: 2F 2-2: Ball 3-2: Foul Ball, location: 2F 3-2: Base on Balls
|
Batting: SHB Willie Medina
|
0-0: Ball 1-0: Ball 2-0: Ball 3-0: Called Strike 3-1: Called Strike 3-2: Strikes out swinging
|
Bottom of the 5th over - 0 runs, 0 hits, 0 errors, 1 left on base; Delmarva 3 - West Michigan 0 |
TOP OF THE 6TH |
Delmarva Shorebirds batting - Pitching for West Michigan Whitecaps : RHP Dale Gilbert
|
Pitching: RHP Matt Sturge
|
|
Batting: LHB Justin Moore
|
0-0: Ball 1-0: Fly out, F9 (Line Drive, 89M, EV 93.1 MPH)
|
Batting: RHB Ben Sutton
|
0-0: Swinging Strike 0-1: Ball 1-1: Foul Ball, location: 2F 1-2: Ball 2-2: Ball 3-2: SINGLE (Groundball, 6MD, EV 106.2 MPH)
|
Batting: LHB Miguel Medina
|
0-0: Ball 1-0: Called Strike 1-1: Ball 2-1: Ball 3-1: Swinging Strike 3-2: Foul Ball, location: 2F 3-2: SINGLE (Groundball, 6D, EV 100.0 MPH) Ben Sutton to second Ben Sutton to third
|
Batting: RHB Ray Sims
|
0-0: Foul Ball, location: 2F 0-1: Ball 1-1: Ball 2-1: Swinging Strike 2-2: Strikes out swinging
|
Batting: SHB Jared Boyce
|
0-0: Swinging Strike 0-1: 3-RUN HOME RUN (Flyball, 9D, EV 97.5 MPH), Distance : 371 ft
|
Pitching: RHP Jorge Castaneda
|
|
Batting: RHB Lee Deason
|
0-0: Called Strike 0-1: Foul Ball, location: 2F 0-2: Ball 1-2: Foul Ball, location: 2F 1-2: Foul Ball, location: 2F 1-2: Strikes out swinging
|
Top of the 6th over - 3 runs, 3 hits, 0 errors, 0 left on base; Delmarva 6 - West Michigan 0 |
BOTTOM OF THE 6TH |
West Michigan Whitecaps batting - Pitching for Delmarva Shorebirds : RHP Bryant Orr
|
Batting: LHB Jamie Christian
|
0-0: Foul Ball, location: 2F 0-1: Ball 1-1: Ball 2-1: DOUBLE (Line Drive, 78XD, EV 105.0 MPH)
|
Batting: LHB Brad Gaskill
|
0-0: Foul Ball, location: 2F 0-1: Called Strike 0-2: Strikes out swinging
|
Batting: RHB German Quiroga
|
0-0: Swinging Strike 0-1: Foul Ball, location: 2F 0-2: Foul Ball, location: 2F 0-2: Fly out, F6 (Line Drive, 6, EV 62.5 MPH) Lined into DP, 6-4 (Line Drive, 6, EV 66.2 MPH)
|
Bottom of the 6th over - 0 runs, 1 hit, 0 errors, 0 left on base; Delmarva 6 - West Michigan 0 |
TOP OF THE 7TH |
Delmarva Shorebirds batting - Pitching for West Michigan Whitecaps : RHP Jorge Castaneda
|
Batting: RHB Francisco Viera
|
0-0: Ball 1-0: Foul Ball, location: 2F 1-1: Foul Ball, location: 2F 1-2: Ball 2-2: Ground out 6-3 (Groundball, 6, EV 80.6 MPH)
|
Batting: RHB Jeremy Sipe
|
0-0: SINGLE (Line Drive, 89S, EV 109.4 MPH)
|
Batting: LHB Tomas de Zeeuw
|
0-0: Ball Jeremy Sipe steals 2nd base 1-0: Called Strike 1-1: Ball 2-1: SINGLE (Groundball, 4MD, EV 100.6 MPH) Jeremy Sipe to third Runner from 3rd tries for Home, SAFE, throw by CF to home Tomas de Zeeuw to second
|
Batting: LHB Justin Moore
|
0-0: Ball 1-0: SINGLE (Groundball, 34D, EV 101.2 MPH) Tomas de Zeeuw to third
|
Batting: RHB Ben Sutton
|
0-0: Called Strike 0-1: Fly out, F3 (Popup, 3SF, EV 74.4 MPH)
|
Batting: LHB Miguel Medina
|
0-0: Foul Ball, location: 2F 0-1: Ball 1-1: Ball 2-1: Foul Ball, location: 2F 2-2: Foul Ball, location: 2F 2-2: Ball 3-2: Strikes out swinging
|
Top of the 7th over - 1 run, 3 hits, 0 errors, 2 left on base; Delmarva 7 - West Michigan 0 |
BOTTOM OF THE 7TH |
West Michigan Whitecaps batting - Pitching for Delmarva Shorebirds : RHP Bryant Orr
|
Batting: RHB Joe Zimmerman
|
0-0: Ball 1-0: Swinging Strike 1-1: Ball 2-1: Foul Ball, location: 2F 2-2: Ball 3-2: SOLO HOME RUN (Flyball, 78XD, EV 109.4 MPH), Distance : 415 ft
|
Pitching: LHP Andy Shearn
|
|
Batting: RHB Scott Carr
|
0-0: Called Strike 0-1: Called Strike 0-2: Strikes out looking
|
Batting: LHB Steve Herrera
|
0-0: Called Strike 0-1: Called Strike 0-2: Ball 1-2: SINGLE (Flyball, 89S, EV 92.5 MPH)
|
Batting: RHB Yaremka Rzhevsky
|
0-0: Ball 1-0: DOUBLE (Flyball, 89D, EV 105.0 MPH) Steve Herrera to third
|
Batting: RHB Jon Goldstein
|
0-0: Ball 1-0: Ground out 5-3 (Groundball, 56, EV 103.1 MPH) Steve Herrera scores
|
Batting: SHB Willie Medina
|
0-0: Called Strike 0-1: Ground out 5-3 (Groundball, 56, EV 84.4 MPH)
|
Bottom of the 7th over - 2 runs, 3 hits, 0 errors, 1 left on base; Delmarva 7 - West Michigan 2 |
TOP OF THE 8TH |
Delmarva Shorebirds batting - Pitching for West Michigan Whitecaps : RHP Jorge Castaneda
|
Batting: RHB Ray Sims
|
0-0: Ball 1-0: Called Strike 1-1: Fly out, F8 (Flyball, 89XD, EV 90.6 MPH)
|
Batting: SHB Jared Boyce
|
0-0: Ball 1-0: Ground out U3 (Groundball, 34, EV 100.6 MPH)
|
Batting: RHB Lee Deason
|
0-0: Fly out, F9 (Flyball, 9, EV 84.4 MPH)
|
Top of the 8th over - 0 runs, 0 hits, 0 errors, 0 left on base; Delmarva 7 - West Michigan 2 |
BOTTOM OF THE 8TH |
West Michigan Whitecaps batting - Pitching for Delmarva Shorebirds : LHP Andy Shearn
|
Batting: LHB Jamie Christian
|
0-0: Ball 1-0: Fly out, F8 (Line Drive, 8LM, EV 98.1 MPH)
|
Pinch Hitting: SHB Ryohei Nakano
|
0-0: Called Strike 0-1: Ball 1-1: Called Strike 1-2: Hit by Pitch
|
Batting: RHB German Quiroga
|
0-0: Foul Ball, location: 2F 0-1: Grounds into double play, 5-4-3 (Groundball, 56S, EV 82.5 MPH)
|
Bottom of the 8th over - 0 runs, 0 hits, 0 errors, 0 left on base; Delmarva 7 - West Michigan 2 |
TOP OF THE 9TH |
Delmarva Shorebirds batting - Pitching for West Michigan Whitecaps : RHP Jorge Castaneda
|
Now at 1B: Tony Murray
|
|
Batting: RHB Francisco Viera
|
0-0: Foul Ball, location: 2F 0-1: Ball 1-1: Ball 2-1: Ball 3-1: Base on Balls
|
Pitching: RHP Juan Cornejo
|
|
Batting: RHB Jeremy Sipe
|
0-0: Called Strike 0-1: Fly out, F8 (Line Drive, 8LM, EV 105.6 MPH)
|
Batting: LHB Tomas de Zeeuw
|
0-0: SINGLE (Groundball, 4MD, EV 100.0 MPH) (infield hit) Francisco Viera to second
|
Batting: LHB Justin Moore
|
0-0: Ball 1-0: Swinging Strike 1-1: Foul Ball, location: 2F 1-2: Ground out 5-3 (Groundball, 56S, EV 70.0 MPH) Francisco Viera to third Tomas de Zeeuw to second
|
Batting: RHB Ben Sutton
|
0-0: Ball 1-0: Ball 2-0: Ball 3-0: Base on Balls
|
Batting: LHB Miguel Medina
|
0-0: Called Strike 0-1: Foul Ball, location: 2F 0-2: Ball 1-2: Hit by Pitch Francisco Viera scores Tomas de Zeeuw to third Ben Sutton to second
|
Batting: RHB Ray Sims
|
0-0: Fly out, F7 (Line Drive, 7LM, EV 100.0 MPH)
|
Top of the 9th over - 1 run, 1 hit, 0 errors, 3 left on base; Delmarva 8 - West Michigan 2 |
BOTTOM OF THE 9TH |
West Michigan Whitecaps batting - Pitching for Delmarva Shorebirds : LHP Andy Shearn
|
Batting: RHB Joe Zimmerman
|
0-0: Swinging Strike 0-1: Foul Ball, location: 2F 0-2: Ball 1-2: Strikes out swinging
|
Batting: RHB Scott Carr
|
0-0: Foul Ball, location: 2F 0-1: Foul Ball, location: 2F 0-2: Foul Ball, location: 2F 0-2: Ball 1-2: Ball 2-2: SINGLE (Groundball, 56S, EV 67.5 MPH) (infield hit)
|
Batting: LHB Steve Herrera
|
0-0: Ball 1-0: DOUBLE (Line Drive, 78D, EV 111.9 MPH) Scott Carr to third
|
Batting: RHB Yaremka Rzhevsky
|
0-0: Swinging Strike 0-1: Swinging Strike 0-2: Ball 1-2: Foul Ball, location: 2F 1-2: Foul Ball, location: 2F 1-2: Ground out 3-1 (Groundball, 34, EV 76.2 MPH) Scott Carr scores Steve Herrera to third
|
Pitching: LHP Justin Hinton
|
|
Batting: RHB Jon Goldstein
|
0-0: Swinging Strike 0-1: Fly out, F4 (Popup, 4, EV 60.0 MPH)
|
Bottom of the 9th over - 1 run, 2 hits, 0 errors, 1 left on base; Delmarva 8 - West Michigan 3 |
|